 Dungeon Crawl Stone Soup version 0.28.0-45-g0d030f2227 (webtiles) character file.

Game seed: 17496649535185745931

31 Ablot the Cutter (level 3, -5/78 HPs)
             Began as a Gnoll Chaos Knight on Apr 11, 2022.
             Was a Plaything of Xom.
             Slain by Terence the merfolk (glowing shapeshifter) (7 damage)
             ... on level 2 of the Dungeon.
             The game lasted 00:01:16 (1163 turns).

Ablot the Cutter (Gnoll Chaos Knight)               Turns: 1163, Time: 00:01:18

Health: -5/78      AC: 21    Str: 13    XL:     3   Next: 22%
Magic:  4/4        EV:  2    Int: 11    God:    Xom [..*...]
Gold:   33         SH:  0    Dex: 11    Spells: 3/3 levels left

rFire   . . .      SeeInvis .   a - +0 short sword (chaos)
rCold   . . .      Faith    .   (no shield)
rNeg    . . .      Spirit   .   (armour currently unavailable)
rPois   +          Reflect  .   (helmet currently unavailable)
rElec   .          Harm     .   (cloak currently unavailable)
rCorr   .          Rampage  .   (gloves currently unavailable)
Will    .....      NoTele   +   (boots currently unavailable)
Stlth   ..........              (no amulet)
HPRegen 0.23/turn               (no ring)
MPRegen 0.09/turn               (no ring)

@: berserking, tree-form, very quick
A: stationary, stasis, torment immunity, boosted hp, (fangs 1), strong nose,
distributed training
a: Renounce Religion


You were on level 2 of the Dungeon.
You worshipped Xom.
You were a toy of Xom.
You were a tree.
You visited 1 branch of the dungeon, and saw 2 of its levels.

You collected 33 gold pieces.

Inventory:

Hand Weapons
 a - a +0 short sword of chaos (weapon)
Missiles
 d - 25 stones (quivered)
 f - 46 sling bullets
 g - 21 arrows
Armour
 b - a +2 leather armour (melded)
Potions
 c - a potion of lignification
 e - a potion of haste {unknown}


   Skills:
 + Level 6.5 Fighting
 + Level 6.5 Short Blades
 + Level 0.7 Long Blades
 + Level 0.7 Axes
 + Level 0.7 Maces & Flails
 + Level 0.7 Polearms
 + Level 0.7 Staves
 + Level 0.7 Slings
 + Level 0.7 Bows
 + Level 0.7 Crossbows
 + Level 0.7 Throwing
 + Level 4.5 Armour
 + Level 2.6 Dodging
 + Level 0.7 Stealth
 + Level 0.7 Shields
 + Level 0.7 Unarmed Combat
 + Level 0.7 Spellcasting
 + Level 0.5 Conjurations
 + Level 0.5 Hexes
 + Level 0.5 Summonings
 + Level 0.5 Necromancy
 + Level 0.5 Translocations
 + Level 0.5 Transmutations
 + Level 0.5 Fire Magic
 + Level 0.5 Ice Magic
 + Level 0.5 Air Magic
 + Level 0.5 Earth Magic
 + Level 0.5 Poison Magic
 + Level 0.9 Invocations
 + Level 0.7 Evocations


You had 3 spell levels left.
You didn't know any spells.
Your spell library was empty.

Dungeon Overview and Level Annotations

Branches:
Dungeon (2/15)

Altars:

Annotations:
D:2 Terence


Innate Abilities, Weirdness & Mutations

You are a tree.
Your roots penetrate the ground, keeping you stationary.
You cannot be teleported.
You are immune to unholy pain and torment.
Your maximum health is greatly increased.
Your equipment is partially melded.
((You have very sharp teeth.))
Your uncanny sense of smell can sniff out nearby items.
Your experience applies equally to all skills.


Message History

Terence the anaconda changes into a dream sheep!
You hit Terence but do no damage.
Terence is poisoned.
Terence is lightly wounded.
You barely miss Terence.
Terence is lightly wounded.
The dream sheep ruffles its wool and motes of dream dust sparkle, to no effect.
You hit Terence.
Terence is lightly wounded.
The dream sheep ruffles its wool and motes of dream dust sparkle, to no effect.
You hit Terence. You burn Terence.
Terence is moderately wounded.
Terence bites you but does no damage.
You closely miss Terence.
Terence is moderately wounded.
You closely miss Terence.
Terence is heavily wounded.
Terence bites you but does no damage.
You hit Terence but do no damage.
Terence is heavily wounded.
Terence bites you.
* * * LOW HITPOINT WARNING * * *
You barely miss Terence.
Terence is heavily wounded.
Terence "Baaaas" balefully.
Terence bites you.
* * * LOW HITPOINT WARNING * * *
You hit Terence but do no damage.
Terence is heavily wounded.
Terence the dream sheep changes into a mana viper!
You barely miss Terence.
Terence the mana viper changes into a merfolk!
You hit Terence but do no damage. You barely miss Terence. Xom smiles on you.
A red film seems to cover your vision as you go berserk!
You feel yourself moving faster!
You feel mighty!
Terence shouts, "DIE!!!"
Terence hits you!
You die...
Xom guffaws!

#.........#
#.........#
#.........#
#.........#
####.........# .
...........).# ..
#.......(.# ..
#..m♣.....# #.
#.).......#
#..####.........#
#......)..#######
##.##.#...#
#..<.#...#
#....#...#
#......##...#
#....#?.###...#


You could see Terence the merfolk shaped shifter.

Vanquished Creatures
  A dart slug (D:1)
  2 endoplasms
  2 giant cockroaches (D:1)
  2 hobgoblins (D:1)
  5 kobolds
  2 ball pythons (D:1)
  4 bats (D:1)
  3 frilled lizards (D:1)
  3 goblins (D:1)
  6 rats (D:1)
30 creatures vanquished.

Notes
Turn   | Place    | Note
-------+----------+-------------------------------------------
     0 | D:1      | Ablot the Gnoll Chaos Knight began the quest for the Orb.
     0 | D:1      | Reached XP level 1. HP: 23/23 MP: 1/1
   121 | D:1      | Reached XP level 2. HP: 18/29 MP: 2/2
   614 | D:1      | XOM: silly message
   755 | D:1      | Reached XP level 3. HP: 35/35 MP: 3/3
  1121 | D:2      | Noticed Terence
  1130 | D:2      | Noticed Terence
  1130 | D:2      | Terence changed into Terence the glowing shapeshifter
  1130 | D:2      | Noticed Terence
  1130 | D:2      | Terence the glowing shapeshifter changed into Terence the
                  | snapping turtle
  1131 | D:2      | Noticed Terence
  1131 | D:2      | Terence the snapping turtle changed into Terence the
                  | glowing orange brain
  1145 | D:2      | Noticed Terence
  1145 | D:2      | Terence the glowing orange brain changed into Terence the
                  | deep troll
  1149 | D:2      | Noticed Terence
  1149 | D:2      | Terence the deep troll changed into Terence the anaconda
  1151 | D:2      | Noticed Terence
  1151 | D:2      | Terence the anaconda changed into Terence the dream sheep
  1159 | D:2      | HP: 1/52 [Terence the dream sheep (glowing shapeshifter)
                  | (3)]
  1160 | D:2      | Noticed Terence
  1160 | D:2      | Terence the dream sheep changed into Terence the mana viper
  1161 | D:2      | Noticed Terence
  1161 | D:2      | Terence the mana viper changed into Terence the merfolk
  1163 | D:2      | XOM: potion effect (berserk rage)
  1163 | D:2      | Slain by Terence the merfolk (glowing shapeshifter)

Illustrated notes

Levels and vault maps discovered:
D:1:      dpeg_arrival_boxorama, layout_basic, minmay_tromino_v4_a
D:2:      layout_rooms, serial_curves, eino_curves_02, eino_curves_01,
          hellmonk_ecumenical_altar_zigzags, uniq_terence

Action                   || total
-------------------------++-------
Melee: Short sword       ||   124
       Bite              ||    14
  Use: Potion            ||     1
 Stab: Petrified         ||     1
Armor: Leather armour    ||    36
       Skin              ||     3
Dodge: Dodged            ||    66
